 Dungeon Crawl Stone Soup version 0.20-a0-270-g8e735b6 (webtiles) character file.

15138 Faca the Cleaver (level 12, -1/96 HPs)
             Began as a Formicid Fighter on Dec 10, 2016.
             Was a High Priest of Trog.
             Slain by a white ugly thing (30 damage)
             ... on level 12 of the Dungeon.
             The game lasted 00:36:09 (10933 turns).

Faca the Cleaver (Formicid Fighter)                Turns: 10933, Time: 00:36:09

Health: -1/96      AC: 17    Str: 22    XL:     12   Next: 53%
Magic:  12/12      EV:  8    Int:  8    God:    Trog [*****.]
Gold:   832        SH: 12    Dex: 14    Spells: 11/11 levels left

rFire  . . .     SeeInvis +     u - +3 war axe
rCold  . . .     Gourm    .     k - +0 plate armour
rNeg   . . .     Faith    .     c - +0 shield
rPois  .         Spirit   .     (helmet unavailable)
rElec  .         Reflect  .     e - +1 cloak
rCorr  .         Harm     .     g - +0 pair of gloves
MR     +....                    (no boots)
Stlth  ..........               (no amulet)
                                (no ring)
                                m - ring of stealth

@: no status effects
A: permanent stasis, dig shafts and tunnels, four strong arms, antennae 3
a: Dig, Shaft Self, Trog's Hand, Brothers in Arms, Burn Spellbooks, Renounce
Religion


You were on level 12 of the Dungeon.
You worshipped Trog.
Trog was extremely pleased with you.
You were not hungry.

You visited 2 branches of the dungeon, and saw 13 of its levels.

You collected 832 gold pieces.

Inventory:

Hand Weapons
 o - a +5 dire flail of freezing
 u - a +3 war axe (weapon)
Armour
 c - a +0 shield (worn)
 e - a +1 cloak (worn)
 g - a +0 pair of gloves (worn)
 k - a +0 plate armour (worn)
Jewellery
 m - a ring of stealth (left hand)
Wands
 a - a wand of acid (6/15)
 d - a wand of lightning (7/15)
 q - a wand of lightning (9/15)
 x - a wand of polymorph (20/24)
 z - a wand of iceblast (9/15)
Scrolls
 b - 3 scrolls of remove curse
 h - 6 scrolls of identify
 r - a scroll of magic mapping
 v - a scroll of enchant armour
 y - a scroll of fear
Potions
 l - 3 potions of magic
 n - 2 potions of curing
 p - a potion of brilliance
 t - 2 potions of resistance
 C - a potion of cure mutation
Miscellaneous
 w - a phantom mirror
Comestibles
 f - 9 bread rations
 j - 7 meat rations
 s - 2 slices of pizza
 A - a beef jerky
 B - a royal jelly


   Skills:
 + Level 9.5 Fighting
 + Level 11.6(12.3) Axes
 + Level 7.1(10.3) Maces & Flails
 + Level 8.9 Armour
 + Level 2.6 Dodging
 - Level 0.3 Stealth
 + Level 10.4 Shields


You had 11 spell levels left.
You didn't know any spells.

Dungeon Overview and Level Annotations

Branches:
Dungeon (12/15)            Temple (1/1) D:6            Lair (0/6) D:9
    Orc (0/2) D:11

Altars:
Ashenzari
Cheibriados
Dithmenos
Elyvilon
Fedhas
Gozag
Hepliaklqana
Kikubaaqudgha
Makhleb
Nemelex Xobeh
Okawaru
Qazlal
Ru
Sif Muna
Trog
Uskayaw
Vehumet
Xom
Yredelemnul
Zin
The Shining One


Innate Abilities, Weirdness & Mutations

You cannot be hasted, slowed, berserked, paralysed or teleported.
You can dig through walls and to a lower floor.
Your four strong arms can wield two-handed weapons with a shield.
You have a pair of large antennae on your head. (SInv)


Message History

The white ugly thing is moderately wounded.
The white ugly thing barely misses you.
Your plate armour prevents you from hitting the white ugly thing.
The white ugly thing is moderately wounded.
You block the white ugly thing's attack.
You slash the white ugly thing!
The white ugly thing is moderately wounded.
The white ugly thing barely misses you.
You hit the white ugly thing.
The white ugly thing is moderately wounded.
The white ugly thing gores you. The white ugly thing freezes you!
You completely miss the white ugly thing.
The white ugly thing is moderately wounded.
Your plate armour prevents you from hitting the white ugly thing.
The white ugly thing is moderately wounded.
The white ugly thing gores you but does no damage.
You closely miss the white ugly thing.
The white ugly thing is moderately wounded.
The white ugly thing gores you! The white ugly thing freezes you!!
You die...

...###'#######
.#...........# ...#
.............# ###....
.#...........# .......
..........<..# .......
.#...........# .......
.............#### ..(....
.#...........'..##..(....
.............##.@un......
#............#####..$..>.
###########+## ####### {{


You could see a white ugly thing and a necrophage.

Vanquished Creatures
  A hydra (D:11)
  The ghost of Fear the Basher, a novice HOMo of Beogh (D:7)
  An unseen horror (D:10)
  3 hill giants
  3 cyclopes
  2 gargoyles (D:11)
  A two-headed ogre (D:11)
  A troll (D:10)
  Prince Ribbit (D:5)
  2 hippogriffs (D:10)
  A spriggan (D:9)
  A vampire (D:9)
  9 yaks
  A wyvern (D:11)
  A hungry ghost (D:10)
  A steam dragon (D:12)
  3 vampire mosquitoes (D:12)
  A warg (D:11)
  Menkaure (D:5)
  An acid dragon (D:12)
  A water moccasin (D:10)
  2 sky beasts (D:9)
  7 orc warriors
  A black bear (D:8)
  2 ice beasts
  A phantom (D:5)
  5 centaurs
  4 ogres
  Blork the orc (D:7)
  4 bullfrogs
  A wyvern zombie (D:10)
  7 scorpions
  A water moccasin skeleton (D:3)
  4 killer bees (D:8)
  8 wights
  3 howler monkeys (D:10)
  An electric eel (D:9)
  5 crimson imps
  A bullfrog zombie (D:6)
  2 centaur zombies
  3 quasits
  9 hounds
  4 centaur skeletons
  8 orc priests
  Crazy Yiuf (D:2)
  7 bullfrog skeletons
  3 jellies
  Ijyb (D:2)
  Jessica (D:2)
  16 orc wizards
  8 iguanas
  5 worker ants
  A hound skeleton (D:4)
  A worker ant zombie (D:9)
  5 gnolls
  16 adders
  A shadow imp (D:7)
  An ooze (D:4)
  An adder skeleton (D:6)
  2 dart slugs
  6 leopard geckos
  38 orcs
  3 giant cockroaches (D:1)
  4 goblins
  10 hobgoblins
  10 jackals
  4 quokkas
  A ball python (D:2)
  8 bats
  5 frilled lizards
  9 kobolds
  2 leopard gecko skeletons (D:5)
  2 quokka zombies
  5 rats
298 creatures vanquished.

Notes
Turn   | Place    | Note
-------+----------+-------------------------------------------
     0 | D:1      | Faca the Formicid Fighter began the quest for the Orb.
     0 | D:1      | Reached XP level 1. HP: 18/18 MP: 1/1
     5 | D:1      | Reached XP level 2. HP: 24/24 MP: 2/2
   269 | D:1      | Reached XP level 3. HP: 29/29 MP: 3/3
   913 | D:2      | Noticed Jessica
   918 | D:2      | Killed Jessica
   918 | D:2      | Reached skill level 3 in Axes
   918 | D:2      | Reached XP level 4. HP: 36/37 MP: 4/4
  1095 | D:2      | Found a shimmering altar of Xom.
  1139 | D:2      | Noticed Ijyb
  1147 | D:2      | Killed Ijyb
  1147 | D:2      | Reached XP level 5. HP: 41/42 MP: 5/5
  1281 | D:2      | Found a runed door.
  1286 | D:2      | Noticed Crazy Yiuf
  1294 | D:2      | Killed Crazy Yiuf
  1873 | D:3      | Found a sacrificial altar of Ru.
  1906 | D:3      | Reached skill level 4 in Axes
  1906 | D:3      | Reached XP level 6. HP: 42/48 MP: 6/6
  2521 | D:4      | Reached XP level 7. HP: 55/55 MP: 7/7
  2569 | D:4      | Reached skill level 5 in Shields
  2622 | D:4      | Found an ancient bone altar of Kikubaaqudgha.
  2622 | D:4      | Found a blossoming altar of Fedhas.
  2701 | D:4      | Reached skill level 5 in Axes
  2807 | D:5      | Entered Level 5 of the Dungeon
  2923 | D:5      | Noticed Prince Ribbit
  2949 | D:5      | Killed Prince Ribbit
  2999 | D:5      | Reached skill level 5 in Armour
  2999 | D:5      | Reached XP level 8. HP: 13/61 MP: 8/8
  3233 | D:5      | Noticed Menkaure
  3250 | D:5      | Killed Menkaure
  3250 | D:5      | Reached skill level 6 in Axes
  3387 | D:5      | Reached skill level 5 in Fighting
  3726 | D:6      | Found a staircase to the Ecumenical Temple.
  3744 | Temple   | Entered the Ecumenical Temple
  3952 | Temple   | Became a worshipper of Trog the Wrathful
  4230 | D:6      | Reached skill level 7 in Axes
  4256 | D:6      | Reached skill level 1 in Dodging
  4514 | D:6      | Reached XP level 9. HP: 68/68 MP: 9/9
  4603 | D:6      | Reached * piety under Trog
  4761 | D:6      | Found a shattered altar of Ashenzari.
  4762 | D:6      | Found a sacrificial altar of Ru.
  4762 | D:6      | Found a snail-covered altar of Cheibriados.
  4762 | D:6      | Found an iron altar of Okawaru.
  4789 | D:6      | Found a hazy altar of Hepliaklqana.
  4789 | D:6      | Found an opulent altar of Gozag.
  5053 | D:7      | Reached skill level 8 in Axes
  5242 | D:7      | HP: 3/103 [orc warrior/great sword (17)]
  5278 | D:7      | Noticed Blork the orc
  5291 | D:7      | Killed Blork the orc
  5563 | D:7      | Noticed Fear's ghost (novice HOMo)
  5616 | D:7      | Killed Fear's ghost
  5616 | D:7      | Reached skill level 9 in Axes
  5616 | D:7      | Reached XP level 10. HP: 35/77 MP: 10/10
  5820 | D:7      | Noticed a hand axe
  5822 | D:7      | Noticed a hand axe
  5823 | D:7      | Found a hide-covered altar of Uskayaw.
  6282 | D:8      | Found a shadowy altar of Dithmenos.
  6355 | D:8      | Reached ** piety under Trog
  6670 | D:8      | Found a sacrificial altar of Ru.
  6861 | D:9      | Reached skill level 10 in Axes
  6904 | D:9      | Reached skill level 1 in Maces & Flails
  7304 | D:9      | Reached *** piety under Trog
  7543 | D:9      | Noticed a cyclops
  7558 | D:9      | Reached XP level 11. HP: 84/84 MP: 11/11
  7577 | D:9      | Killed a cyclops
  7587 | D:9      | Found a staircase to the Lair.
  8037 | D:10     | Entered Level 10 of the Dungeon
  8047 | D:10     | Noticed a hill giant
  8060 | D:10     | Killed a hill giant
  8485 | D:10     | Noticed an unseen horror
  8501 | D:10     | Killed an unseen horror
  8660 | D:10     | Reached skill level 5 in Maces & Flails
  8939 | D:11     | Reached **** piety under Trog
  9231 | D:11     | Found a staircase to the Orcish Mines.
  9270 | D:11     | Noticed a cyclops
  9288 | D:11     | Killed a cyclops
  9288 | D:11     | Reached skill level 11 in Axes
  9288 | D:11     | Reached skill level 10 in Shields
  9312 | D:11     | Noticed a hill giant
  9320 | D:11     | Killed a hill giant
  9464 | D:11     | Noticed a four-headed hydra
  9485 | D:11     | HP: 3/89 [four-headed hydra (6)]
  9492 | D:11     | Killed a four-headed hydra
  9492 | D:11     | Reached XP level 12. HP: 31/95 MP: 12/12
 10601 | D:12     | Reached ***** piety under Trog
 10933 | D:12     | Slain by a white ugly thing

Vault maps used:
D:1:      dpeg_arrival_renting, minmay_misc_feat_more_columns,
          kennysheep_small_spiral, minmay_tromino_v4_b
D:2:      lemuel_round_altar, uniq_crazy_yiuf_cottage, uniq_jessica, uniq_iyjb
D:3:      nicolae_ru_great_annihilating_truth
D:4:      grunt_temple_overflow_growth_and_decay, first_bread
D:5:      uniq_prince_ribbit1, uniq_menkaure
D:6:      minmay_overflow_temple_hex
D:7:      dancing_weapons_uskayaw, sword_in_stone
D:8:      nicolae_dithmenos_shadow_blocks, basic_altar
D:9:      grunt_pizzeria, lightli_minifort
D:11:     david_orc_3, grunt_decor_cap
D:12:     serial_glass, glass_columns_c, glass_columns_a, glass_columns_c,
          glass_columns_b, glass_columns_c, glass_columns_b, glass_columns_b,
          glass_columns_c, minmay_strange_pillars
Temple:   dpeg_chambers_temple

Skill      XL: |  1  2  3  4  5  6  7  8  9 10 11 12 |
---------------+-------------------------------------+-----
Axes           | 3 4 5 7 9 10 11 | 11.6
Shields        | 4 5 6 8 9 10 | 10.4
Armour         | 4 5 6 7 8 |  8.9
Fighting       | 4 5 6 7 9 |  9.5
Dodging        | 1 2 |  2.6
Maces & Flails | 3 6 7 |  7.1
Stealth        | |  0.3

Action                   |  1- 3 |  4- 6 |  7- 9 | 10-12 || total
-------------------------+-------+-------+-------+-------++-------
Melee: War axe           |    75 |   147 |       |   180 ||   402
       Hand axe          |       |    19 |   397 |   176 ||   592
       Dire flail        |       |       |       |   244 ||   244
Invok: Burn Spellbooks   |       |       |     1 |     2 ||     3
  Use: Scroll            |     3 |     3 |     1 |     9 ||    16
       Potion            |       |     9 |    11 |     6 ||    26
 Stab: Paralysed         |       |     1 |       |       ||     1
       Invisible         |       |       |     3 |       ||     3
       Distracted        |       |       |       |     1 ||     1
  Eat: Fruit             |       |     3 |       |       ||     3
       Chunk             |       |     1 |       |     2 ||     3
       Meat ration       |       |     1 |     1 |       ||     2
       Pizza             |       |       |     2 |     6 ||     8
       Beef jerky        |       |       |     2 |     1 ||     3
       Royal jelly       |       |       |       |     1 ||     1
Armor: Scale mail        |    18 |       |       |       ||    18
       Chain mail        |    13 |    10 |       |       ||    23
       Plate armour      |       |    92 |   181 |   264 ||   537
       Skin              |       |       |    12 |     5 ||    17
Dodge: Dodged            |    24 |    29 |    72 |   128 ||   253
Block: Shield            |    44 |    81 |   193 |   365 ||   683
